AoeStats
← Cris

Arabia

509377263Analyzed
1v1 RM · 7d ago on Sep 26, 2026· 28m 19s· 2 players
Game mode
Random Map
Map size
Tiny (2 player)
Population
200
Speed
Normal
Resources
Standard
Victory
Conquest
Starting age
Dark Age
Ending age
Imperial Age
RankedLock teamsTeams togetherTeam positionsShared explorationLock speedFull tech treeHidden civsTurbo modeCheats
Victory
Defeat
🇨🇱 Ethiopians · Chile
1328
+15
🇹🇼 Vikings · Taiwan
1304
-15
gx5v163237
7:10 Loom
9:34 Feudal Age
13:06 Double-Bit Axe
15:49 Town Watch
19:34 Castle Age
18:31 Fletching
20:09 Bodkin Arrow
20:15 Elite Skirmisher
20:46 Horse Collar
26:00 Crossbowman
Cris
7:00 Loom
9:48 Feudal Age
13:53 Fletching
21:30 Castle Age
20:55 Padded Archer Armor
21:27 Gold Mining
21:31 Crossbowman
22:07 Bodkin Arrow
22:28 Leather Archer Armor
22:36 Forging
28:57 Thumb Ring
Connection lost

Rejoining the realm…

Still unreachable

The connection could not be restored.

Session expired

The server has moved on; the page needs a fresh start.